 Dungeon Crawl Stone Soup version 0.29.1-15-g9cfb28693d (webtiles) character file.

Game seed: 12738762577338944207

941 jbom55 the Trooper (level 7, -4/67 HPs)
             Began as a Minotaur Berserker on Mar 27, 2023.
             Was an Elder of Trog.
             Slain by a two-headed ogre
             ... wielding a +0 dire flail
              (14 damage)
             ... on level 5 of the Dungeon.
             The game lasted 00:38:59 (5707 turns).

jbom55 the Trooper (Minotaur Berserker)             Turns: 5707, Time: 00:39:00

Health: -4/67      AC:  4    Str: 30    XL:     7   Next: 88%
Magic:  6/6        EV: 11    Int:  4    God:    Trog [****..]
Gold:   255        SH:  3    Dex: 10    Spells: 6/6 levels left

rFire   . . .      SeeInvis .   a - +0 hand axe
rCold   . . .      Faith    .   j - +0 buckler
rNeg    + . .      Spirit   .   q - +1 robe of Netius {Contam rN+ Str+7}
rPois   .          Reflect  .   (helmet restricted)
rElec   .          Harm     .   (no cloak)
rCorr   .          Rampage  .   (no gloves)
Will    .....                   p - +0 pair of boots
Stlth   +.........              (no amulet)
HPRegen 0.21/turn               J - ring of flight
MPRegen 0.10/turn               (no ring)

@: flying, studying Polearms
A: horns 2, retaliatory headbutt
a: Renounce Religion, Berserk, Trog's Hand, Brothers in Arms


You were on level 5 of the Dungeon.
You worshipped Trog.
Trog was greatly pleased with you.
You visited 1 branch of the dungeon, and saw 6 of its levels.
You also visited: Ossuary.

You collected 255 gold pieces.

Inventory:

Hand Weapons
 a - a +0 hand axe (weapon)
 l - a +0 dagger
 n - a +0 short sword
 r - a +0 short sword
 s - a +0 short sword
 w - a +0 dagger
 x - a +2 short sword of draining
 C - a +0 whip
 G - a +0 short sword
 I - a +0 whip
 L - a +0 hand axe
 Z - a +0 short sword
Missiles
 c - 65 stones (quivered)
 h - 3 poisoned darts
 K - 4 javelins
 N - 6 silver javelins
Armour
 b - a +0 animal skin
 e - a +0 ring mail
 i - a +0 robe
 j - a +0 buckler (worn)
 p - a +0 pair of boots (worn)
 q - the +1 robe of Netius (worn) {Contam rN+ Str+7}
   (You found it on level 2 of the Dungeon)

   Str:       It affects your strength (+7).
   rN:        It protects you from negative energy.
   Contam:    It causes magical contamination when unequipped.
 t - a +0 leather armour
 v - a +0 scale mail
 z - a +0 pair of boots
 B - a +0 leather armour
 F - a +0 robe
 M - a +0 robe
 X - a +0 robe
 Y - a +0 robe
Magical Staves
 E - a staff of air
 H - a staff of fire
Jewellery
 J - a ring of flight (left hand)
Wands
 d - a wand of flame (19)
Scrolls
 f - 6 scrolls of identify {unknown}
 g - 4 scrolls of vulnerability {unknown}
 y - 2 scrolls of silence {unknown}
 A - a scroll of noise {unknown}
 P - a scroll of teleportation {unknown}
 T - a scroll of poison {unknown}
 U - a scroll of enchant armour {unknown}
Potions
 k - a potion of might {unknown}
 m - a potion of brilliance {unknown}
 o - 2 potions of magic {unknown}
 u - a potion of haste
 D - 2 potions of heal wounds {unknown}
 O - a potion of invisibility {unknown}
 Q - 2 potions of ambrosia {unknown}
 R - 2 potions of flight {unknown}
 S - 2 potions of mutation {unknown}
 V - a potion of lignification {unknown}
 W - 2 potions of degeneration {unknown}


   Skills:
 * Level 7.6 Fighting
 * Level 7.6 Axes
 + Level 5.4 Armour
 - Level 2.6 Dodging


You had 6 spell levels left.
You didn't know any spells.
Your spell library contained the following spells:

 Spells                   Type           Power      Damage    Failure   Level
 Sandblast                Erth           0%         2d4       61%         1


Dungeon Overview and Level Annotations

Branches:
Dungeon (6/15)            Ossuary (visited)
 Temple: D:4-7

Altars:
Ashenzari
Elyvilon
Fedhas
Kikubaaqudgha
Qazlal
Uskayaw
Wu Jian


Innate Abilities, Weirdness & Mutations

You have a pair of horns on your head.
You reflexively headbutt those who attack you in melee.


Message History

The ogre is severely wounded.
The ogre hits you with a +0 giant club!
You slash the ogre!
You kill the ogre!
Trog accepts your kill.
Your pack is full.
You see here a wand of flame (19).
You drop a +0 shortbow.
d - a wand of flame (19)
You see here a +0 giant club.
Found 4 gold pieces.
Found a stone staircase leading down.
A two-headed ogre comes into view.
It is wielding a +0 dire flail and a +0 giant club.
The two-headed ogre barely misses you.
The two-headed ogre hits you with a +0 giant club!!
The two-headed ogre closely misses you.
The two-headed ogre hits you with a +0 giant club!!
Found a scroll labelled VERRAU HEOLIAN.
There is a stone staircase leading down here.
Unknown command.
You fly downwards.
You hear the sound of rushing water.
There is an entrance to a sewer on this level.
Hurry and find it before the portal rusts away!
There is a stone staircase leading up here.
A kobold and a water moccasin come into view.
The kobold is wielding a +1 antimagic short sword.
The sentinel's mark upon you fades away.
The kobold shouts!
A kobold brigand comes into view.
It is wielding a +0 dagger and quivering curare-tipped darts.
The kobold throws a stone.
You block the stone.
A kobold comes into view. It is wielding a +0 club.
There are monsters nearby!
There is a stone staircase leading up here.
You fly upwards.
The two-headed ogre hits you with a +0 dire flail!
* * * LOW HITPOINT WARNING * * *
The two-headed ogre misses you.
There is a stone staircase leading down here.
The two-headed ogre misses you.
The two-headed ogre hits you with a +0 giant club!
You die...

#########
##.....).# ####
### ......##)# #..
..# ##<##.##.# #.#
#.#
#.##....###.####O#
#.####.........@>#
#.# ##.###.##.#$#
#.. ...# #.#.###.#
### ##### #..# #?#
###. ## #. .. .#


You could see a two-headed ogre.

Vanquished Creatures
  A black bear (D:4)
  2 ogres
  2 centaurs (D:4)
  A phantom (D:4)
  A necrophage (D:4)
  2 water moccasin zombies (Ossuary)
  An orc priest (D:4)
  3 iguanas (D:4)
  2 mummies (Ossuary)
  2 adders
  2 adder zombies (Ossuary)
  2 worms
  3 dart slugs
  13 orcs
  3 ball pythons
  8 endoplasms
  10 giant cockroaches
  7 gnoll zombies (Ossuary)
  6 goblins
  7 hobgoblins
  3 jackals (D:1)
  8 kobolds
  2 quokkas (D:4)
  2 bats
  2 frilled lizards (D:3)
  9 hobgoblin zombies (Ossuary)
  5 kobold zombies (Ossuary)
  6 orc zombies (Ossuary)
  2 quokka zombies (D:4)
  6 rats
123 creatures vanquished.

Vanquished Creatures (others)
  7 plants (D:3)
7 creatures vanquished.

Grand Total: 130 creatures vanquished

Notes
Turn   | Place    | Note
-------+----------+-------------------------------------------
     0 | D:1      | jbom55 the Minotaur Berserker began the quest for the Orb.
     0 | D:1      | Reached XP level 1. HP: 19/19 MP: 0/0
   228 | D:1      | Found a faded altar of an unknown god.
   238 | D:1      | Got Plato's Tome of the Quarry
   694 | D:1      | Reached XP level 2. HP: 21/27 MP: 1/1
  1344 | D:2      | Reached XP level 3. HP: 30/33 MP: 2/2
  1442 | D:2      | Identified the +1 robe of Netius {Contam rN+ Str+7}
  1541 | D:2      | Reached ** piety under Trog
  1998 | D:3      | Reached XP level 4. HP: 33/41 MP: 3/3
  2565 | D:3      | Noticed a +0 short sword
  2566 | D:3      | Noticed a +0 dagger
  2566 | D:3      | Noticed a +0 spear
  2567 | D:3      | Noticed a +0 falchion
  2567 | D:3      | Noticed a +0 dagger
  2568 | D:3      | Noticed a +0 short sword
  2569 | D:3      | Noticed a +0 falchion
  2576 | D:3      | Noticed a +0 spear
  2592 | D:3      | Found a hide-covered altar of Uskayaw.
  3264 | D:4      | Found a sand-covered staircase.
  3275 | Ossuary  | Entered an ossuary
  3472 | Ossuary  | Reached skill level 5 in Fighting
  3472 | Ossuary  | Reached skill level 5 in Axes
  3472 | Ossuary  | Reached XP level 5. HP: 37/48 MP: 4/4
  3489 | Ossuary  | Reached *** piety under Trog
  3802 | D:4      | Reached XP level 6. HP: 43/57 MP: 5/5
  3954 | D:4      | Found a stormy altar of Qazlal.
  4015 | D:4      | Reached **** piety under Trog
  4247 | D:4      | Reached XP level 7. HP: 29/64 MP: 6/6
  4569 | D:4      | Found an ancient bone altar of Kikubaaqudgha.
  4624 | D:4      | Found a broken altar of Ashenzari.
  4627 | D:4      | Found a blossoming altar of Fedhas.
  4734 | D:4      | Found an ornate altar of the Wu Jian Council.
  4757 | D:4      | Reached skill level 5 in Armour
  5060 | D:4      | Found a white marble altar of Elyvilon.
  5670 | D:5      | Entered Level 5 of the Dungeon
  5694 | D:5      | Noticed a two-headed ogre
  5707 | D:5      | Slain by a two-headed ogre

Illustrated notes

Levels and vault maps discovered:
D:1:      enne_arrival_octagon_isle, layout_basic,
          shapermc_ecumenical_altar_rom_forum
D:2:      layout_rooms, minmay_misc_feat_chi
D:3:      layout_loops_ring, nicolae_uskayaw_en_pointe, serial_bayou_lagoon_b
D:4:      layout_basic, nicolae_elyvilon_peaceful_grove,
          nzn_wu_jian_contemplation, nicolae_overflow_hidden_temple,
          enter_ossuary_4, roderic_filled_cross, minmay_manual_mares
D:5:      layout_loops_cross, slow_altar_2, uniq_ijyb
D:6:      layout_basic, minmay_temple_entry_nine_rooms, portal_sewer_entry_c,
          minmay_crystal_water

Skill      XL: |  1  2  3  4  5  6  7 |
---------------+----------------------+-----
Fighting       | 4 5 6 7 |  7.6
Axes           | 4 5 6 7 |  7.6
Armour         | 3 4 5 |  5.4
Dodging        | |  2.6

Action                   |  1- 3 |  4- 6 |  7- 9 || total
-------------------------+-------+-------+-------++-------
Melee: Hand axe          |    94 |   163 |    32 ||   289
       Headbutt          |    16 |    26 |     7 ||    49
Throw: Stone             |     3 |       |       ||     3
 Stab: Sleeping          |       |     2 |       ||     2
Armor: Ring mail         |    14 |       |       ||    14
       Robe              |    10 |    28 |    11 ||    49
Dodge: Dodged            |    43 |    80 |    30 ||   153
Block: Buckler           |     7 |    14 |    10 ||    31
